Workbook
Name Print_Area_1: #N/A
Name Print_Titles_1: #N/A

Sheet 封面 
A2: 2026年G205龙池互通至雍庄互通、G328江北段、S356江北段综合养护项目
A7: 养
A8: 护
A9: 清
A10: 单
A13: 采 购 人：南京市公路事业发展中心
A14: 采购代理：盛唐工程咨询集团有限公司
A15: 二○二六年十月

Sheet 总说明
A1: 总说明
A3: 项目名称：2026年G205龙池互通至雍庄互通、G328江北段、S356江北段综合养护项目
A4: 一、养护清单说明
A5: （1）本养护清单应与采购文件中的投标人须知、合同条款等一起阅读和理解。
A6: （2）养护清单中所列数量的变动，丝毫不会降低或影响合同条款的效力，也不免除承包人按约定的标准进行施工和修复缺陷的责任。
A7: 二、报价说明
A8: （1）养护清单中的每一子目须填入单价或价格，且只允许有一个报价。
A9: （2）除非合同另有规定，养护清单中有标价的单价和总额价均已包括了为实施和完成合同工程所需的人工费、材料费、施工机具使用费、企业管理费、利润、规费、税金、缺陷修复费等，以及合同明示或暗示的所有责任、义务和一般风险所引起的费用。
A10: （3）养护清单中投标人（或承包人）没有填入单价或价格的子目，其费用视为已分摊在养护清单中其他相关子目的单价或价格之中。承包人必须按监理人指令完成养护清单中未填入单价或价格的子目，但不能得到结算与支付。
A11: （4）符合合同条款约定的全部费用应视为已被计入有标价的养护清单所列各子目之中，未列子目不予计量的工作，其费用应视为已分摊在本合同工程的有关子目的单价或总额价之中。
A12: （5）承包人用于本合同工程的各类装备的提供、运输、维护、拆卸、拼装等支付的费用，已包括在养护清单的单价与总额价之中。
A13: （6）养护清单中各项金额均以人民币（元）填报及结算。
... A21: （3）1100章中所有日常保养、日常维修均按km.年填报单价，且子级所有子目报价合计等于本级合计。如Y1101路基工程中：Y1101-1-1~Y1101-1-4所有子目合计金额应等于Y1101-1日常保养该级合计金额。其余Y1102路面工程、Y1103桥涵工程、Y1105交通安全设施、Y1106绿化工程同Y1101路基工程。

Sheet 汇总表
A1: 养护清单汇总表
A2: 项目名称：2026年G205龙池互通至雍庄互通、G328江北段、S356江北段综合养护项目
A3: 序号 | B3: 章次 | C3: 科目名称 | D3: 金额（元）
A4: 1 | B4: 100章 | C4: 总则 | D4: ='100章 总则'!E6 -> 0
A5: 2 | B5: 200章 | C5: 路基养护工程 | D5: /
A6: 3 | B6: 300章 | C6: 路面养护工程 | D6: /
A7: 4 | B7: 400章 | C7: 桥梁、涵洞工程 | D7: /
A8: 5 | B8: 500章 | C8: 隧道养护工程 | D8: /
A9: 6 | B9: 600章 | C9: 交通安全设施养护工程 | D9: /
A10: 7 | B10: 700章 | C10: 绿化及环境保护养护工程 | D10: /
A11: 8 | B11: 800章 | C11: 管理、养护设施养护工程 | D11: /
A12: 9 | B12: 900章 | C12: 管理、养护、服务房建养护工程 | D12: /
A13: 10 | B13: 1000章 | C13: 养护检查 | D13: ='1000章 养护检查 '!E8 -> 0
A14: 11 | B14: 1100章 | C14: 日常养护 | D14: ='1100章 日常养护'!E113 -> 0
A15: 12 | B15: 清单小计 | D15: =SUM(D4:D14) -> 0
A16: 13 | B16: 安全生产费（清单小计的2%） | D16: =D15*2% -> 0
A17: 14 | B17: 暂列金额（1100章中日常维修的5%） | D17: =('1100章 日常养护'!G13+'1100章 日常养护'!G35+'1100章 日常养护'!G62+'1100章 日常养护'!G81+'1100章 日常养护'!G98)*5% -> 0
A18: 15 | B18: 投标总价 | D18: =SUM(D15:D17) -> 0

Sheet 100章  总则
A1: 100章 总则
A2: =汇总表!A2 -> 项目名称：2026年G205龙池互通至雍庄互通、G328江北段、S356江北段综合养护项目 | F2: 货币单位：人民币元
A3: 子目号 | B3: 子目名称 | C3: 子目特征 | D3: 单位 | E3: 数量 | F3: 单价 | G3: 合价
A4: Y101-5 | B4: 公众责任险 | D4: 总额 | E4: 1 | G4: =IF(E4="","",ROUND(E4*F4,0)) -> 0
A5: Y108-1 | B5: 养护基础台帐图表资料费 | D5: 总额 | E5: 1 | G5: =IF(E5="","",ROUND(E5*F5,0)) -> 0
A6: 第100章小计（结转至第 页养护清单汇总表）人民币 | E6: =SUM(G4:G5) -> 0

Sheet 1000章  养护检查 
A1: 1000章 养护检查
A2: ='100章 总则'!A2 -> 项目名称：2026年G205龙池互通至雍庄互通、G328江北段、S356江北段综合养护项目 | F2: 货币单位：人民币元
A3: 子目号 | B3: 子目名称 | C3: 子目特征 | D3: 单位 | E3: 数量 | F3: 单价 | G3: 合价
A4: Y1001-1 | B4: 日常巡查
A5: Y1001-1-1 | B5: 平原微丘
A6: Y1001-1-1-1 | B6: 日常巡视检查 | C6: 1、每日巡查 2、一级公路 3、含全线(包含路、桥梁及沿线附属设施）等日常巡视检查 | D6: km.年 | E6: 25.077 | G6: =IF(E6="","",ROUND(E6*F6,0)) -> 0
A7: Y1001-1-1-2 | B7: 专项巡视检查 | C7: 1、橙红色应急每2小时巡查一遍，48小时后白天不少于2遍，夜间1遍 2、含夏汛冬防及恶劣天气等专项巡视检查 | D7: km.年 | E7: 25.077 | G7: =IF(E7="","",ROUND(E7*F7,0)) -> 0
A8: 第1000章小计（结转至第 页养护清单汇总表）人民币 | E8: =SUM(G6:G7) -> 0
F10: =F6/6 -> 0

Sheet 1100章  日常养护
A1: 1100章 日常养护
A2: ='1000章 养护检查 '!A2 -> 项目名称：2026年G205龙池互通至雍庄互通、G328江北段、S356江北段综合养护项目 | F2: 货币单位：人民币元
A3: 子目号 | B3: 子目名称 | C3: 子目特征 | D3: 单位 | E3: 数量 | F3: 单价 | G3: 合价
A4: Y1101 | B4: 路基工程
A5: Y1101-1 | B5: 日常保养 | D5: km.年 | E5: 22.823 | G5: =IF(E5="","",ROUND(E5*F5,0)) -> 0
A6: Y1101-1-1 | B6: 路肩清理 | G6: =IF(E6="","",ROUND(E6*F6,0))
A7: Y1101-1-1-1 | B7: 清除路肩杂物 | C7: 1、每年不少于12次 2、数量含清除中分带杂物 3、含废料的装卸、清理、运输等 | D7: km | E7: 283.68 | G7: =IF(E7="","",ROUND(E7*F7,0)) -> 0
A8: Y1101-1-3 | B8: 排水设施清理 | E8: 0 | G8: =IF(E8="","",ROUND(E8*F8,0)) -> 0
A9: Y1101-1-3-1 | B9: 清理边沟、排水沟、截水沟 | C9: 1、每年不少于4次 2、含废料的装卸、清理、运输等 | D9: m | E9: 48166 | G9: =IF(E9="","",ROUND(E9*F9,0)) -> 0
A10: Y1101-1-4 | B10: 整修路肩、边坡 | G10: =IF(E10="","",ROUND(E10*F10,0))
A11: Y1101-1-4-1 | B11: 整修路肩平台 | C11: 1、每年不少于8次 2、 含废料的装卸、清理、运输等 | D11: m2 | E11: 23680 | G11: =IF(E11="","",ROUND(E11*F11,0)) -> 0
A12: Y1101-1-4-2 | B12: 整修边坡 | C12: 1、每年不少于8次 2、 含废料的装卸、清理、运输等 | D12: m2 | E12: 74366 | G12: =IF(E12="","",ROUND(E12*F12,0)) -> 0
A13: Y1101-2 | B13: 日常维修 | D13: km.年 | E13: 22.823 | G13: =IF(E13="","",ROUND(E13*F13,0)) -> 0
A14: Y1101-2-1 | B14: 道路挡墙修理筑砌 | E14: 0 | G14: =IF(E14="","",ROUND(E14*F14,0)) -> 0
A15: Y1101-2-1-1 | B15: 挡墙、护坡修理砌筑 | C15: 1、M7.5浆砌片石挡墙 2、含拆除破损部分、清理、运输、疏通泄水孔等 | D15: m³ | E15: 15 | G15: =IF(E15="","",ROUND(E15*F15,0)) -> 0
A16: Y1101-2-1-2 | B16: 挡墙、护坡砌筑 | C16: 1、新建M7.5浆砌片石挡墙 2、含泄水孔、垫层、沉降缝、土工布、基坑开挖、回填、清理、运输等一切相关费用 | D16: m³ | E16: 15 | G16: =IF(E16="","",ROUND(E16*F16,0)) -> 0
A17: Y1101-2-1-3 | B17: 挡墙、护坡修理砌筑 | C17: 1、M10砖砌 2、含拆除破损部分、清理、运输、疏通泄水孔等 | D17: m³ | E17: 30 | G17: =IF(E17="","",ROUND(E17*F17,0)) -> 0
A18: Y1101-2-1-4 | B18: 挡墙、护坡破面勾缝 | D18: m | E18: 110 | G18: =IF(E18="","",ROUND(E18*F18,0)) -> 0
A19: Y1101-2-2 | B19: 边沟排水沟修理筑砌 | E19: 0 | G19: =IF(E19="","",ROUND(E19*F19,0)) -> 0
A20: Y1101-2-2-1 | B20: 矩形明沟新建砌筑 | C20: 1、M10砖砌边沟 2、开挖、清理、整形、垫层、砖砌、回填、运输等 | D20: m | E20: 30 | G20: =IF(E20="","",ROUND(E20*F20,0)) -> 0
A21: Y1101-2-2-2 | B21: 矩形暗沟新建砌筑 | C21: 1、M10砖砌边沟 2、含C30预制砼盖板及盖板钢筋 3、开挖、清理、整形、垫层、砖砌、回填、运输等 | D21: m | E21: 20 | G21: =IF(E21="","",ROUND(E21*F21,0)) -> 0
A22: Y1101-2-2-3 | B22: 边沟混凝土压顶维修 | C22: C30砼压顶 | D22: m | E22: 2600 | G22: =IF(E22="","",ROUND(E22*F22,0)) -> 0
A23: Y1101-2-2-4 | B23: 边沟勾缝 | D23: m | E23: 6500 | G23: =IF(E23="","",ROUND(E23*F23,0)) -> 0
A24: Y1101-2-3 | B24: 路肩、边坡整治 | C24: 1、含刷坡、路肩阻水治理、运输、清理等 2、土源、运距投标人自行考虑 | D24: m³ | E24: 1340 | G24: =IF(E24="","",ROUND(E24*F24,0)) -> 0
A25: Y1101-2-4 | B25: 路肩培土 | C25: 1、土源、运距投标人自行考虑 | D25: m³ | E25: 80 | G25: =IF(E25="","",ROUND(E25*F25,0)) -> 0
A26: Y1101-2-5 | B26: 边沟盖板更换 | E26: 0 | G26: =IF(E26="","",ROUND(E26*F26,0)) -> 0
A27: Y1101-2-5-1 | B27: 边沟盖板更换 | C27: 1、加强型 2、C30预制盖板 3、含钢筋 4、含拆除原盖板、清理、运输等 | D27: m³ | E27: 25 | G27: =IF(E27="","",ROUND(E27*F27,0)) -> 0
A28: Y1101-2-6 | B28: 边沟预制板 | C28: 1、C30素混凝土预制板 含拆除原边沟预制板、材料、安装、清理、运输等 | D28: m³ | E28: 50 | G28: =IF(E28="","",ROUND(E28*F28,0)) -> 0
A29: Y1102 | B29: 路面工程 | E29: 0 | G29: =IF(E29="","",ROUND(E29*F29,0)) -> 0
A30: Y1102-1 | B30: 日常保养 | D30: km.年 | E30: 22.823 | G30: =IF(E30="","",ROUND(E30*F30,0)) -> 0
A31: Y1102-1-1 | B31: 路面清扫 | E31: 0 | G31: =IF(E31="","",ROUND(E31*F31,0)) -> 0
A32: Y1102-1-1-1 | B32: 机械清扫 | C32: 1、一级公路 2、每日清扫 3、含废料的装卸、清理、运输等 | D32: km | E32: 8330.395 | G32: =IF(E32="","",ROUND(E32*F32,0)) -> 0
A33: Y1102-1-1-2 | B33: 人工捡拾垃圾 | C33: 1、一级公路 2、每日捡拾垃圾 3、含废料的装卸、清理、运输等 | D33: km | E33: 8330.395 | G33: =IF(E33="","",ROUND(E33*F33,0)) -> 0
A34: Y1102-1-2 | B34: 洒水车洒水 | C34: 1、每年不少于180次 | D34: 车 | E34: 480 | G34: =IF(E34="","",ROUND(E34*F34,0)) -> 0
A35: Y1102-2 | B35: 日常维修 | D35: km.年 | E35: 34.098 | G35: =IF(E35="","",ROUND(E35*F35,0)) -> 0
A36: Y1102-2-1 | B36: 沥青路面精铣刨 | C36: 1、精铣刨沥青混凝土路面 2、含废弃物的清理、运输等 3、运距投标人自行考虑 4、铣刨料施工单位自行回收，考虑在此单价中 | D36: m³ | E36: 230 | G36: =IF(E36="","",ROUND(E36*F36,0)) -> 0
A37: Y1102-2-2 | B37: 沥青路面坑槽（切割修补） | E37: 0 | G37: =IF(E37="","",ROUND(E37*F37,0)) -> 0
A38: Y1102-2-2-1 | B38: 沥青路面坑槽（切割修补） | C38: 5cm深 | D38: m2 | E38: 380 | G38: =IF(E38="","",ROUND(E38*F38,0)) -> 0
A39: Y1102-2-2-2 | B39: 沥青路面坑槽（切割修补） | C39: 5-12cm深 | D39: m2 | E39: 1000 | G39: =IF(E39="","",ROUND(E39*F39,0)) -> 0
A40: Y1102-2-2-3 | B40: 沥青路面坑槽（切割修补） | C40: 12cm深以上 | D40: m2 | E40: 115 | G40: =IF(E40="","",ROUND(E40*F40,0)) -> 0
A41: Y1102-2-3 | B41: 沥青路面裂缝机械扩缝填缝料修补 | C41: 1、热沥青灌缝（含辅料） | D41: m | E41: 14250 | G41: =IF(E41="","",ROUND(E41*F41,0)) -> 0
A42: Y1102-2-4 | B42: 冷补料路面坑洞修补 | D42: t | E42: 5 | G42: =IF(E42="","",ROUND(E42*F42,0)) -> 0
A43: Y1102-2-5 | B43: 路缘石维修更换 | E43: 0 | G43: =IF(E43="","",ROUND(E43*F43,0)) -> 0
A44: Y1102-2-5-1 | B44: 水泥砼路缘石更换 | E44: 0 | G44: =IF(E44="","",ROUND(E44*F44,0)) -> 0
A45: Y1102-2-5-1-1 | B45: 水泥砼路缘石更换 | C45: 1、规格：0.75*0.45*0.15 2、C30预制块 3、含拆除原路缘石、清理、运输、预制、安装、垫层、靠背、刷白等 | D45: m | E45: 420 | G45: =IF(E45="","",ROUND(E45*F45,0)) -> 0
A46: Y1102-2-5-1-2 | B46: 水泥砼路缘石更换 | C46: 1、规格：1*0.55*(上0.12+下0.22)) 2、C30预制块 3、含拆除原路缘石、清理、运输、预制、安装、垫层、靠背、刷白等 | D46: m | E46: 90 | G46: =IF(E46="","",ROUND(E46*F46,0)) -> 0
A47: Y1102-2-5-2 | B47: 大理石路缘石更换 | E47: 0 | G47: =IF(E47="","",ROUND(E47*F47,0)) -> 0
A48: Y1102-2-5-2-1 | B48: 大理石路缘石更换 | C48: 1、规格：0.75*0.4*0.15 2、含拆除原路缘石、清理、运输、安装、垫层、靠背等 | D48: m | E48: 70 | G48: =IF(E48="","",ROUND(E48*F48,0)) -> 0
A49: Y1102-2-5-3 | B49: 大理石路缘石维修、修正 | C49: 1、规格：0.75*0.4*0.15 2、含拆除原路缘石、清理、运输、安装、垫层、靠背等 | D49: m | E49: 200 | G49: =IF(E49="","",ROUND(E49*F49,0)) -> 0
A50: Y1102-2-5-4 | B50: 路缘石勾缝 | D50: m | E50: 5400 | G50: =IF(E50="","",ROUND(E50*F50,0)) -> 0
A51: Y1102-2-6 | B51: 更换雨水篦子 | C51: 1、材质：预制C30混凝土 2、含拆除、清理、运输、材料、安装等 | D51: 套 | E51: 80 | G51: =IF(E51="","",ROUND(E51*F51,0)) -> 0
A52: Y1102-2-7 | B52: 窨井盖更换 | C52: 1、直径800 2、重型球墨铸铁井盖 3、含拆除、清理、运输、材料、安装等 | D52: 块 | E52: 10 | G52: =IF(E52="","",ROUND(E52*F52,0)) -> 0
A53: Y1103 | B53: 桥涵工程 | E53: 0 | G53: =IF(E53="","",ROUND(E53*F53,0)) -> 0
A54: Y1103-1 | B54: 日常保养 | D54: km.年 | E54: 2.254 | G54: =IF(E54="","",ROUND(E54*F54,0)) -> 0
A55: Y1103-1-1 | B55: 桥面清扫 | E55: 0 | G55: =IF(E55="","",ROUND(E55*F55,0)) -> 0
A56: Y1103-1-1-1 | B56: 机械清扫 | C56: 1、一级公路 2、每日清扫 3、含废料的装卸、清理、运输等 | D56: km | E56: 822.71 | G56: =IF(E56="","",ROUND(E56*F56,0)) -> 0
A57: Y1103-1-1-2 | B57: 人工捡拾垃圾 | C57: 1、一级公路 2、每日捡拾垃圾 3、含废料的装卸、清理、运输等 | D57: km | E57: 822.71 | G57: =IF(E57="","",ROUND(E57*F57,0)) -> 0
A58: Y1103-1-2 | B58: 排水系统疏通 | E58: 0 | G58: =IF(E58="","",ROUND(E58*F58,0)) -> 0
A59: Y1103-1-2-1 | B59: 泄水孔 | C59: 1、每年不少于12次 2、含废料的装卸、清理、运输等 | D59: 道 | E59: 1796 | G59: =IF(E59="","",ROUND(E59*F59,0)) -> 0
A60: Y1103-1-3 | B60: 伸缩缝清理 | C60: 1、每年不少于12次 2、含废料的装卸、清理、运输等 | D60: m | E60: 6302 | G60: =IF(E60="","",ROUND(E60*F60,0)) -> 0
A61: Y1103-1-6 | B61: 桥下环境整治 | C61: 1、每年不少于12次 2、含废料的装卸、清理、运输等 | D61: m2 | E61: 50175 | G61: =IF(E61="","",ROUND(E61*F61,0)) -> 0
A62: Y1103-2 | B62: 日常维修 | D62: km.年 | E62: 2.254 | G62: =IF(E62="","",ROUND(E62*F62,0)) -> 0
A63: Y1103-2-1 | B63: 桥梁伸缩缝更换维修 | E63: 0 | G63: =IF(E63="","",ROUND(E63*F63,0)) -> 0
A64: Y1103-2-1-1 | B64: 伸缩缝维修 | C64: 1、含拆除旧缝、安装伸缩缝橡胶条、清理、运输等 | D64: m | E64: 50 | G64: =IF(E64="","",ROUND(E64*F64,0)) -> 0
A65: Y1103-2-2 | B65: 涵管疏通 | C65: 1、含清理涵洞（管）内淤积物，疏通洞口，疏通、清理、运输等 | D65: m3 | E65: 830 | G65: =IF(E65="","",ROUND(E65*F65,0)) -> 0
A66: Y1103-2-3 | B66: 桥梁护栏维修 | E66: 0 | G66: =IF(E66="","",ROUND(E66*F66,0)) -> 0
A67: Y1103-2-3-1 | B67: 桥栏杆维修 | C67: 1、不锈钢材质 2、拆除、清理、运输、材料、安装、施工措施费等 | D67: m | E67: 15 | G67: =IF(E67="","",ROUND(E67*F67,0)) -> 0
A68: Y1103-2-3-2 | B68: 桥梁扶手维修 | C68: 1、不锈钢材质 2、拆除、清理、运输、材料、安装、施工措施费等 | D68: m | E68: 25 | G68: =IF(E68="","",ROUND(E68*F68,0)) -> 0
A69: Y1103-2-3-3 | B69: 桥栏杆刷漆 | D69: m2 | E69: 6473.46 | G69: =IF(E69="","",ROUND(E69*F69,0)) -> 0
A70: Y1103-2-3-4 | B70: 桥梁防撞墙刷漆 | D70: m2 | E70: 9818 | G70: =IF(E70="","",ROUND(E70*F70,0)) -> 0
A71: Y1103-2-4 | B71: 人行道道板砖维修 | C71: 1、尺寸：20*10*8cm水泥砖 2、含拆除原道板砖、清理、运输、材料、安装、垫层等 | D71: m2 | E71: 100 | G71: =IF(E71="","",ROUND(E71*F71,0)) -> 0
A72: Y1103-2-5 | B72: 挡车石维修 | C72: 1、材质：大理石 2、含拆除原挡车石及基础、清理、运输、材料、安装、新建基础等 | D72: 根 | E72: 20 | G72: =IF(E72="","",ROUND(E72*F72,0)) -> 0
A73: Y1105 | B73: 交通安全设施 | E73: 0 | G73: =IF(E73="","",ROUND(E73*F73,0)) -> 0
A74: Y1105-1 | B74: 日常保养 | D74: km.年 | E74: 25.077 | G74: =IF(E74="","",ROUND(E74*F74,0)) -> 0
A75: Y1105-1-1 | B75: 里程牌、百米桩（牌）、警示桩保洁扶正 | C75: 1、每年不少于4次 | D75: 个 | E75: 750 | G75: =IF(E75="","",ROUND(E75*F75,0)) -> 0
A76: Y1105-1-2 | B76: 防眩板清洗 | E76: 0 | G76: =IF(E76="","",ROUND(E76*F76,0)) -> 0
A77: Y1105-1-2-1 | B77: 防眩板保洁 | C77: 1、每年不少于4次 | D77: 块 | E77: 2000 | G77: =IF(E77="","",ROUND(E77*F77,0)) -> 0
A78: Y1105-1-3 | B78: 护栏清洗 | E78: 0 | G78: =IF(E78="","",ROUND(E78*F78,0)) -> 0
A79: Y1105-1-3-1 | B79: 波形钢板护栏保洁（机械） | C79: 1、每年不少于4次 | D79: m | E79: 226728 | G79: =IF(E79="","",ROUND(E79*F79,0)) -> 0
A80: Y1105-1-4 | B80: 声屏障清洗 | C80: 1、每年不少于4次 | D80: m2 | E80: 1600 | G80: =IF(E80="","",ROUND(E80*F80,0)) -> 0
A81: Y1105-2 | B81: 日常维修 | D81: km.年 | E81: 25.077 | G81: =IF(E81="","",ROUND(E81*F81,0)) -> 0
A82: Y1105-2-1 | B82: 里程牌更换 | C82: 1、镀锌钢材质 2、固定于护栏或挡墙上 3、含拆除原里程牌、清理、运输等 | D82: 块 | E82: 10 | G82: =IF(E82="","",ROUND(E82*F82,0)) -> 0
A83: Y1105-2-2 | B83: 百米桩更换 | C83: 1、C30钢筋混凝土百米桩 2、含基础 3、含拆除原百米桩、清理、运输等 | D83: 块 | E83: 50 | G83: =IF(E83="","",ROUND(E83*F83,0)) -> 0
A84: Y1105-2-3 | B84: 百米牌更换 | C84: 1、镀锌钢材质 2、固定于护栏或挡墙上 3、含拆除原里程牌、清理、运输等 | D84: 根 | E84: 100 | G84: =IF(E84="","",ROUND(E84*F84,0)) -> 0
A85: Y1105-2-4 | B85: 百米桩油漆 | D85: 根 | E85: 50 | G85: =IF(E85="","",ROUND(E85*F85,0)) -> 0
A86: Y1105-2-5 | B86: 警示桩更换 | E86: 0 | G86: =IF(E86="","",ROUND(E86*F86,0)) -> 0
A87: Y1105-2-5-1 | B87: 警示桩更换 | C87: 1、规格：φ89*1200mm 镀锌钢管 2、含拆除原警示桩及基础、清理、运输、挖基坑、新建基础、材料、安装、回填等 | D87: 根 | E87: 210 | G87: =IF(E87="","",ROUND(E87*F87,0)) -> 0
A88: Y1105-2-5-2 | B88: 警示桩油漆 | D88: 根 | E88: 60 | G88: =IF(E88="","",ROUND(E88*F88,0)) -> 0
A89: Y1105-2-6 | B89: 弹性桩更换 | C89: 1、规格：高750mm、φ80mm 2、材质：PU聚氨酯材质 3、含拆除原弹性桩、清理、运输、材料、安装等 | D89: 根 | E89: 600 | G89: =IF(E89="","",ROUND(E89*F89,0)) -> 0
A90: Y1105-2-7 | B90: 防眩板更换 | E90: 0 | G90: =IF(E90="","",ROUND(E90*F90,0)) -> 0
A91: Y1105-2-7-1 | B91: 防眩板更换（含支架） | C91: 1、含拆除原防眩板、清理、运输、材料、安装、支架等 | D91: 块 | E91: 100 | G91: =IF(E91="","",ROUND(E91*F91,0)) -> 0
A92: Y1105-2-8 | B92: 声屏障维修 | C92: 高度3m | D92: m | E92: 5 | G92: =IF(E92="","",ROUND(E92*F92,0)) -> 0
A93: Y1106 | B93: 绿化工程 | E93: 0 | G93: =IF(E93="","",ROUND(E93*F93,0)) -> 0
A94: Y1106-1 | B94: 日常保养 | D94: km.年 | E94: 16.416 | G94: =IF(E94="","",ROUND(E94*F94,0)) -> 0
A95: Y1106-1-1 | B95: 中央分隔带绿化 | C95: 1、含中分带打草、乔灌木、绿篱的整枝、修剪、剥芽、扶正、施肥、喷药、浇水、清理、运输等工作 2、中分带打草每年不少于6次 3、乔、灌木、绿篱的修剪、施肥、喷药每年不少于2次 4、乔木浇水每年不少于4次、灌木浇水每年不少于8次、绿篱浇水每年不少于12次 | D95: km.年 | E95: 16.416 | G95: =IF(E95="","",ROUND(E95*F95,0)) -> 0
A96: Y1106-1-2 | B96: 路侧绿化 | C96: 1、含路侧（含路肩、边坡）打草、乔灌木的整枝、绿篱的整枝、修剪、剥芽、扶正、施肥、喷药、浇水、清理、运输等工作 2、路侧打草每年不少于6次 3、乔、灌木、绿篱的修剪、施肥、喷药每年不少于2次 4、乔木浇水每年不少于4次、灌木浇水每年不少于8次、绿篱浇水每年不少于12次 | D96: km.年 | E96: 16.416 | G96: =IF(E96="","",ROUND(E96*F96,0)) -> 0
A97: Y1106-1-9 | B97: 树干刷白 | C97: 1、配药水，喷涂，吸水，运水，爬高，清理，打扫，配石灰水，刷涂料等 | D97: 株 | E97: 8820 | G97: =IF(E97="","",ROUND(E97*F97,0)) -> 0
A98: Y1106-2 | B98: 日常维修（绿化补植） | D98: km.年 | E98: 16.416 | G98: =IF(E98="","",ROUND(E98*F98,0)) -> 0
A99: Y1106-2-1 | B99: 补播草种 | C99: 1、黑麦草、高羊茅草籽混播 2、人工播撒 | D99: m2 | E99: 1500 | G99: =IF(E99="","",ROUND(E99*F99,0)) -> 0
A100: Y1106-2-2 | B100: 补植乔木 | E100: 0 | G100: =IF(E100="","",ROUND(E100*F100,0)) -> 0
...
